 Dungeon Sprint DCSS version 0.22-a0-48-g8770677 (webtiles) character file.

598 Kidiri the Blocker (level 7, -1/70 HPs)
             Began as a Minotaur Fighter on Jan 7, 2018.
             Was a Believer of Okawaru.
             Killed from afar by a deep elf mage (36 damage)
             ... with a bolt of lightning
             ... in the Dungeon (Sprint VII: "The Pits").
             The game lasted 00:04:00 (693 turns).

Kidiri the Blocker (Minotaur Fighter)                Turns: 693, Time: 00:04:01

Health: -1/70      AC: 17    Str: 22    XL:     7   Next: 17%
Magic:  4/6        EV: 12    Int:  5    God:    Okawaru [**....]
Gold:   0          SH: 13    Dex: 10    Spells: 6/6 levels left

rFire    . . .     SeeInvis .   a - +3 long sword (holy)
rCold    . . .     Gourm    .   c - +0 shield
rNeg     . . .     Faith    .   r - +3 chain mail
rPois    .         Spirit   .   (helmet restricted)
rElec    .         Reflect  .   b - +0 cloak
rCorr    .         Harm     .   (no gloves)
MR       .....     NoTele   +   (no boots)
Stlth    ..........             (no amulet)
HPRegen  0.21/turn              (no ring)
MPRegen  0.10/turn              (no ring)

@: heroism
A: retaliatory headbutt, horns 2
a: Heroism, Renounce Religion


You were in the Dungeon.
You worshipped Okawaru.
Okawaru was pleased with you.
You were not hungry.

You visited 1 branch

Inventory:

Hand Weapons
 a - a +3 long sword of holy wrath (weapon)
Missiles
 q - 10 stones (quivered)
Armour
 b - a +0 cloak (worn)
 c - a +0 shield (worn)
 r - a +3 chain mail (worn)
Scrolls
 k - a scroll of blinking
 n - 3 scrolls of remove curse
 o - 5 scrolls of amnesia
 p - a scroll of summoning
Potions
 d - a potion of might
 e - 5 potions of curing
 g - 3 potions of heal wounds
 h - a potion of haste
 i - 4 potions of magic
 j - 2 potions of berserk rage
 m - 2 potions of invisibility
Comestibles
 f - 9 rations
 l - 2 chunks of flesh


   Skills:
 * Level 9.1(14.1) Fighting
 * Level 8.7(13.7) Long Blades
 + Level 4.7(9.7) Throwing
 * Level 9.1(14.1) Armour
 + Level 5.2(10.2) Dodging
 * Level 9.1(14.1) Shields


You had 6 spell levels left.
You didn't know any spells.

Dungeon Overview and Level Annotations

Branches:
Dungeon (1/1)

Altars:
Ashenzari
Cheibriados
Dithmenos
Elyvilon
Fedhas
Gozag
Hepliaklqana
Kikubaaqudgha
Makhleb
Nemelex Xobeh
Okawaru
Qazlal
Ru
Sif Muna
Trog
Uskayaw
Vehumet
Wu Jian
Xom
Yredelemnul
Zin
The Shining One
Beogh
Jiyva
Lugonu


Innate Abilities, Weirdness & Mutations

You reflexively headbutt those who attack you in melee.
You have a pair of horns on your head.


Message History

The bolt of lightning hits the orc.
The orc dies!
The bolt of lightning misses the orc.
The bolt of lightning hits you! x2
The bolt of lightning misses the orc.
Found a club.
Unknown command.
You gain the combat prowess of a mighty hero.
The orc hits you but does no damage.
You slash the orc!
You kill the orc!
Okawaru accepts your kill. The deep elf mage casts a spell at you.
The bolt of lightning hits you!
* * * LOW HITPOINT WARNING * * *
The bolt of lightning misses you.
You feel much better.
The deep elf mage points at you and mumbles some strange words.
The bolt of lightning hits you!
Ouch! That really hurt!
You die...

#.#.....#+###...<...#
#)#........##.......#
#(#........##.......#
#'###########.......#
#.......#o. #########
#..###..#e#
#.......#.#
##.###.##)#
#.......#@+
#..###..#+#
#.......%.#
###########


You could see a deep elf mage and an orc priest.

Vanquished Creatures
  An orange demon (D)
  A necrophage (D)
  A centaur (D)
  Crazy Yiuf (D)
  2 worker ants (D)
  A mummy (D)
  A gnoll (D)
  An adder (D)
  An ufetubus (D)
  An adder skeleton (D)
  A worm (D)
  An orc (D)
  A bat skeleton (D)
  A giant cockroach (D)
  2 jackals (D)
  A ball python (D)
  A bat (D)
19 creatures vanquished.

Vanquished Creatures (others)
  An orc (D)
1 creature vanquished.

Grand Total: 20 creatures vanquished

Notes
Turn   | Place    | Note
-------+----------+-------------------------------------------
     0 | D        | Kidiri the Minotaur Fighter began the quest for the Orb.
     0 | D        | Reached XP level 1. HP: 19/19 MP: 0/0
    54 | D        | Found a bloodstained altar of Trog.
    54 | D        | Found a deep blue altar of Sif Muna.
    54 | D        | Found a viscous altar of Jiyva.
    54 | D        | Found a hazy altar of Hepliaklqana.
    54 | D        | Found an opulent altar of Gozag.
    55 | D        | Found a glowing golden altar of the Shining One.
    55 | D        | Found a glowing silver altar of Zin.
    55 | D        | Found a basalt altar of Yredelemnul.
    55 | D        | Found a shimmering altar of Xom.
    55 | D        | Found an ornate altar of the Wu Jian Council.
    55 | D        | Found a sacrificial altar of Ru.
    55 | D        | Found a stormy altar of Qazlal.
    55 | D        | Found an iron altar of Okawaru.
    55 | D        | Found a sparkling altar of Nemelex Xobeh.
    55 | D        | Found a burning altar of Makhleb.
    55 | D        | Found a blossoming altar of Fedhas.
    55 | D        | Found a white marble altar of Elyvilon.
    55 | D        | Found a shadowy altar of Dithmenos.
    55 | D        | Found a snail-covered altar of Cheibriados.
    58 | D        | Found a corrupted altar of Lugonu.
    58 | D        | Found a radiant altar of Vehumet.
    58 | D        | Found a roughly hewn altar of Beogh.
    59 | D        | Found an ancient bone altar of Kikubaaqudgha.
    59 | D        | Found a hide-covered altar of Uskayaw.
    59 | D        | Found a shattered altar of Ashenzari.
    63 | D        | Became a worshipper of Warmaster Okawaru
    84 | D        | Noticed a worker ant
    90 | D        | Killed a worker ant
    90 | D        | Reached skill level 1 in Throwing
    90 | D        | Reached skill level 1 in Dodging
    90 | D        | Reached XP level 2. HP: 28/28 MP: 1/1
   271 | D        | Reached skill level 5 in Fighting
   271 | D        | Reached skill level 5 in Armour
   271 | D        | Reached skill level 5 in Shields
   271 | D        | Reached XP level 3. HP: 35/36 MP: 2/2
   325 | D        | Reached XP level 4. HP: 38/42 MP: 3/3
   431 | D        | Noticed a centaur
   431 | D        | Noticed Crazy Yiuf
   440 | D        | Reached skill level 5 in Long Blades
   443 | D        | Killed a centaur
   443 | D        | Reached * piety under Okawaru
   443 | D        | Reached XP level 5. HP: 44/51 MP: 4/4
   449 | D        | Killed Crazy Yiuf
   539 | D        | Noticed a necrophage
   542 | D        | Killed a necrophage
   542 | D        | Reached XP level 6. HP: 61/61 MP: 2/5
   548 | D        | Noticed an orange demon
   565 | D        | Killed an orange demon
   565 | D        | Reached ** piety under Okawaru
   565 | D        | Reached skill level 5 in Dodging
   565 | D        | Reached XP level 7. HP: 44/70 MP: 2/6
   690 | D        | Noticed a deep elf mage
   693 | D        | Killed from afar by a deep elf mage

Vault maps used:
D:        pitsprint

Skill      XL: |  1  2  3  4  5  6 |
---------------+-------------------+-----
Fighting       | 4 5 6 7 9 |  9.1
Long Blades    | 3 4 6 7 8 |  8.7
Throwing       | 1 2 3 4 |  4.7
Armour         | 4 5 6 7 9 |  9.1
Dodging        | 1 2 3 4 5 |  5.2
Shields        | 4 5 6 7 9 |  9.1

Action                   |  1- 3 |  4- 6 |  7- 9 || total
-------------------------+-------+-------+-------++-------
Melee: Long sword        |     5 |    31 |     1 ||    37
       Falchion          |    28 |       |       ||    28
       Headbutt          |     4 |     5 |       ||     9
Invok: Heroism           |       |     2 |     1 ||     3
  Use: Potion            |     1 |     3 |     1 ||     5
Armor: Scale mail        |    12 |       |       ||    12
       Chain mail        |       |    13 |     1 ||    14
Dodge: Dodged            |    11 |     4 |     1 ||    16
Block: Shield            |    19 |    20 |       ||    39
       Rpst.: Falchion   |     1 |       |       ||     1
       Long sword        |       |     1 |       ||     1

Table legend:
 A = Spawn XP
 B = Non-spawn XP
 C = Spawn XP percentage of total XP
 D = Spawn monster count
 E = Non-spawn monster count
 F = Spawn count percentage of total count
 G = Total turns spent on level
                    A         B        C        D         E        F      G
               +---------+---------+-------+---------+---------+-------+---------
         Total |       0 |     855 |   0.0 |       0 |      19 |   0.0 |   693
               +---------+---------+-------+---------+---------+-------+---------
             D |       0 |     855 |   0.0 |       0 |      19 |   0.0 |   693
               +---------+---------+-------+---------+---------+-------+---------
